 Dungeon Crawl Stone Soup version 0.19-a0-1167-g79b6552 (webtiles) character file.

45041 packetloss the Zephyrmancer (level 13, 0/92 HPs)
             Began as a High Elf Air Elementalist on Aug 13, 2016.
             Was a High Priest of Ashenzari.
             Engulfed by a cloud of flame (22 damage)
             ... on level 13 of the Dungeon on Aug 15, 2016.
             The game lasted 03:27:57 (33588 turns).

packetloss the Zephyrmancer (HEAE)                 Turns: 33588, Time: 03:27:58

Health: 0/92       AC: 13    Str: 11    XL:     13   Next: 99%
Magic:  10/27      EV: 23    Int: 21    God:    Ashenzari [*****.]
Gold:   459        SH:  0    Dex: 16    Spells: 5 memorised, 17 levels left

rFire  . . .     SeeInvis +     w - +1 long sword (curse)
rCold  + . .     Gourm    .     Q - +0 ring mail
rNeg   . . .     Faith    .     (no shield)
rPois  .         Spirit   .     q - +1 helmet (curse)
rElec  +         Dismiss  .     u - +1 cloak of Starlight {rElec rC+ EV+4 Stlth--}
rCorr  .         Reflect  .     k - +0 pair of gloves (curse)
MR     +....     Harm     .     a - +2 pair of boots {run}
Stlth  .......... Clarity  +    (no amulet)
                                s - ring of wizardry {Wiz+, !d}
                                r - +2 ring of evasion

@: repel missiles, quick
A: no striking features
a: Curse Item, Scrying, Transfer Knowledge, Renounce Religion


You were on level 13 of the Dungeon.
You worshipped Ashenzari.
Ashenzari was extremely pleased with you.
You were not hungry.

You visited 3 branches of the dungeon, and saw 19 of its levels.
You also visited: Ice Cave.

You collected 1576 gold pieces.
You spent 1117 gold pieces at shops.

Inventory:

Hand Weapons
 w - a cursed +1 long sword (weapon)
   (You took it off a wight on level 7 of the Dungeon)
 R - a +1 great sword of protection
   (You took it off an orc priest on level 10 of the Dungeon)
Armour
 a - a +2 pair of boots of running (worn)
   (You bought it in a shop on level 12 of the Dungeon)
 k - a cursed +0 pair of gloves (worn)
   (You found it on level 13 of the Dungeon)
 q - a cursed +1 helmet (worn)
   (You found it on level 8 of the Dungeon)
 u - the +1 cloak of Starlight (worn) {rElec rC+ EV+4 Stlth--}
   (You bought it in a shop on level 12 of the Dungeon)

   It affects your evasion (+4).
   It protects you from cold.
   It insulates you from electricity.
   It makes you much less stealthy.
 Q - a +0 ring mail (worn)
   (You took it off an orc on level 8 of the Dungeon)
Jewellery
 r - a +2 ring of evasion (left hand)
   (You found it on level 2 of the Lair of Beasts)
 s - a ring of wizardry (right hand) {Wiz+, !d}
   (You found it on level 11 of the Dungeon)
 L - an uncursed ring of stealth {Stlth+}
   (You took it off an orc on level 7 of the Dungeon)
Wands
 d - a wand of iceblast (4/15)
   (You found it on level 9 of the Dungeon)
 F - a wand of flame (22/48)
   (You took it off a goblin on level 6 of the Dungeon)
 G - a wand of digging (21/24)
   (You found it on level 6 of the Dungeon)
 S - a wand of digging (9/24)
   (You took it off a centaur on level 12 of the Dungeon)
 U - a wand of polymorph (21/24)
   (You found it on level 11 of the Dungeon)
 Y - a wand of enslavement (11/24)
   (You found it on level 12 of the Dungeon)
Scrolls
 b - a scroll of enchant armour
 e - a scroll of summoning
 h - a scroll of identify
 l - 2 scrolls of noise {unknown}
 n - a scroll of blinking {unknown}
 x - 2 scrolls of remove curse
 y - 6 scrolls of fog
 B - a scroll of torment {unknown}
 I - a scroll of acquirement {unknown}
 N - a scroll of enchant weapon
 V - 2 scrolls of recharging
Potions
 i - 3 potions of cancellation {unknown}
 j - 2 potions of curing
 m - a potion of berserk rage {unknown}
 v - a potion of mutation {unknown}
 z - a potion of resistance {unknown}
 A - a potion of agility
 E - a potion of haste {unknown}
 H - 2 potions of brilliance {unknown}
 J - 5 potions of might
 M - 2 potions of lignification {!q}
 O - 2 potions of invisibility {unknown}
 P - a potion of magic {unknown}
Books
 o - a book of Dreams
   (You found it on level 7 of the Dungeon)
 W - a book of Conjurations
   (You found it on level 11 of the Dungeon)
 X - a book of Misfortune
   (You found it on level 11 of the Dungeon)
Comestibles
 c - 9 bread rations {@e1}
 f - 6 meat rations {@e2}
 g - 7 beef jerkies
 p - 7 fruits
 t - 9 slices of pizza


   Skills:
 - Level 10.2 Fighting
 - Level 8.3(12.2) Long Blades
 - Level 10.5 Dodging
 + Level 5.5 Stealth
 - Level 9.0 Spellcasting
 - Level 12.5 Conjurations
 - Level 13.3 Air Magic
 - Level 6.0 Evocations


You had 17 spell levels left.
You knew the following spells:

 Your Spells              Type           Power        Failure   Level  Hunger
a - Shock                 Conj/Air       ####         1%          1    None
b - Static Discharge      Conj/Air       ######..     1%          3    None
d - Repel Missiles        Chrm/Air       #####.       1%          2    None
s - Swiftness             Chrm/Air       #####...     1%          2    None
x - Lightning Bolt        Conj/Air       ######....   1%          5    #####..


Dungeon Overview and Level Annotations

Branches:
Dungeon (13/15)            Temple (0/1) D:7            Lair (4/6) D:11
    Orc (2/2) D:10
  Swamp: Lair:2-4    Shoals: Lair:2-4     Snake: Lair:2-4    Spider: Lair:2-4
    Elf: Orc:2       Vaults: D:13-14

Altars:
Ashenzari
Cheibriados
Fedhas
Hepliaklqana
Makhleb
Pakellas
Qazlal
Ru
Trog
Vehumet
The Shining One
Beogh

Shops:
D:5 =   D:8 ?   D:12 (*!(![   Orc:2 [(

Annotations:
D:4 ! ghost is rElec, cybersaint2k's ghost, amateur HOMo
D:5 Grinder
D:6 90% done
D:7 KnobCreek's ghost, novice MiGl
D:11 Pabst's ghost, novice MiMo
Lair:2 ! 1 hydras
Lair:3 stopping XL 13, static's ghost, journeyman TeWz
Orc:2 stopped, exclusion: upstairs


Message History

There is a stone staircase leading down here.
MP restored: 27
There is a stone staircase leading down here.
You see here a +0 morningstar.
You are near starving!
You start eating the royal jelly.
You continue eating. x2
You finish eating.
That royal jelly was delicious!
You see here a +0 morningstar.
You see here a +2 flail of crushing.
Things that are here:
a +0 whip; a cursed leather armour You see here 2 tomahawks.
z - a metallic yellow potion You now have 459 gold pieces (gained 15).
Spoiler Alert: The killer bee (wandering) is very fast and can poison!
Aim: a killer bee (hasn't noticed you)
The zap misses the killer bee.
The killer bee buzzes angrily.
Spoiler Alert: The killer bee is very fast and can poison!
You now have 26/27 mp.
Aim: a killer bee The zap hits the killer bee.
The killer bee stings you.
You take 2 damage, and have 90/92 hp.
Okay, then.
The killer bee is struck by lightning.
The lightning arcs!
You are struck by lightning.
You resist. The killer bee misses you.
You riposte.
You closely miss the killer bee. The killer bee misses you.
You riposte.
You miss the killer bee.
Spoiler Alert: The killer bee is very fast and can poison!
You now have 23/27 mp.
Unknown command.
The killer bee is struck by lightning.
You kill the killer bee!
The lightning arcs!
You are struck by lightning.
You resist.
The lightning arcs!
You now have 20/27 mp.
You hear a distant blaring wail to the north.
J - 5 potions of might (gained 1)
l - 2 scrolls labeled UCHEMEYCIH (gained 1)
You see here 15 stones.
You see here 15 stones.
An unseen horror comes into view.
Health restored: 92; MP restored: 27
Aim: an unseen horror (slightly transparent)
The zap hits the unseen horror.
A fire crab comes into view.
You now have 26/27 mp.
Aim: an unseen horror (lightly wounded, slightly transparent)
Okay, then.
The unseen horror misses you.
You riposte.
You barely miss the unseen horror. The unseen horror closely misses you.
The unseen horror is struck by lightning.
The lightning grounds out.
The unseen horror hits you!
You take 7 damage, and have 85/92 hp.
You now have 23/27 mp.
Unknown command.
The unseen horror completely misses you.
The fire crab breathes flames at you. The blast of flame engulfs you!
The unseen horror is engulfed in roaring flames.
Unknown command.
The fire crab is struck by lightning.
The lightning arcs!
You are struck by lightning.
You resist.
The lightning arcs!
The fire crab is struck by lightning.
The lightning grounds out.
You are engulfed in roaring flames.
The unseen horror is engulfed in roaring flames.
The unseen horror hits you but does no damage.
The unseen horror is engulfed in roaring flames.
The fire crab completely misses you. The fire crab barely misses you.
You take 23 damage, and have 62/92 hp.
MASSIVE DAMAGE!!
You now have 21/27 mp.
The fire crab is struck by lightning.
The lightning arcs!
You are struck by lightning.
You resist.
The lightning arcs!
The fire crab is struck by lightning.
The lightning grounds out.
You are engulfed in roaring flames.
The unseen horror is engulfed in roaring flames. x2
The unseen horror hits you.
The unseen horror is engulfed in roaring flames.
The unseen horror closely misses you. The fire crab closely misses you.
You riposte.
You hit the fire crab. The fire crab barely misses you.
You take 25 damage, and have 37/92 hp.
MASSIVE DAMAGE!!
You now have 18/27 mp.
The fire crab is struck by lightning.
The lightning arcs!
You are struck by lightning.
You resist.
The lightning arcs!
The unseen horror is struck by lightning.
You kill the unseen horror!
Your Stealth skill increases to level 5!
The lightning grounds out.
You are engulfed in roaring flames.
* * * LOW HITPOINT WARNING * * *
The fire crab breathes flames at you. The blast of flame engulfs you!
* * * LOW HITPOINT WARNING * * *
You take 15 damage, and have 22/92 hp.
You now have 15/27 mp.
Unknown command.
You hear a mighty clap of thunder!
The bolt of lightning hits the fire crab.
You kill the fire crab!
You are engulfed in roaring flames.
You die...

##..####..## ##.
##..#....## ##..
#........####...
##..............
#####..######..
#..# #.. #..#
#.. #@.# #..
#..# ##.. #..#
##...
*#..####....
..###...... *
.## #...... ##
#...... ##...##


There were no monsters in sight!

Vanquished Creatures
  3 hydras
  A centaur warrior (D:13)
  A death yak (Lair:2)
  2 fire crabs
  2 unseen horrors
  4 hill giants
  5 orc knights (Orc:2)
  An orc sorcerer (Orc:1)
  An ugly thing (D:11)
  2 cyclopes
  A griffon (Lair:3)
  Joseph (D:8)
  2 black mambas (Lair:2)
  An elephant (Lair:3)
  A gargoyle (D:12)
  7 spiny frogs
  3 komodo dragons
  2 ice devils (Lair:2)
  5 trolls
  4 two-headed ogres
  Sigmund (D:6)
  A hog (D:7)
  A human (D:7)
  47 yaks
  2 basilisks
  A wyvern (D:8)
  A shadow (D:11)
  A steam dragon (D:11)
  2 vampire mosquitoes (D:12)
  A mottled dragon (D:11)
  A warg (Orc:2)
  Grum (Lair:1)
  5 hippogriffs
  4 hungry ghosts
  Menkaure (D:7)
  5 swamp worms (Lair:3)
  8 water moccasins
  26 orc warriors
  13 porcupines
  A black bear (D:10)
  3 ice beasts
  5 sky beasts
  An eye of draining (D:11)
  4 phantoms
  22 ogres
  2 wasps
  7 wolves
  13 centaurs
  13 crocodiles
  2 big kobolds
  6 giant frogs
  Blork the orc (D:5)
  2 gnoll sergeants
  A wyvern skeleton (D:8)
  3 scorpions
  2 troll zombies (D:10)
  A water moccasin skeleton (D:5)
  14 killer bees
  A howler monkey (D:7)
  12 wights
  7 crimson imps
  A wasp zombie (D:10)
  4 giant frog zombies
  4 jellies
  A quasit (D:9)
  20 orc priests
  A gnoll shaman (Orc:2)
  7 hounds
  2 centaur skeletons
  3 giant frog skeletons
  12 iguanas
  14 orc wizards
  9 worker ants
  27 sheep
  4 ogre zombies (D:10)
  2 hound zombies
  A hound skeleton (D:8)
  A worker ant zombie (D:9)
  8 gnolls
  13 adders
  40 river rats
  3 shadow imps
  2 oozes (D:1)
  4 adder skeletons
  4 worms
  2 dart slugs
  5 giant geckos
  111 orcs
  A ball python (D:3)
  6 bats
  4 giant cockroaches
  7 hobgoblins
  9 jackals
  12 kobolds
  8 quokkas
  A giant gecko skeleton (D:8)
  A giant gecko zombie (D:6)
  9 giant newts
  2 goblins
  5 goblin zombies (D:10)
  A hobgoblin skeleton (D:10)
  4 hobgoblin zombies (D:10)
  A jackal zombie (D:5)
  3 orc skeletons (D:10)
  6 orc zombies (D:10)
  3 rats
  A fungus (Lair:1)
  A plant (Lair:3)
684 creatures vanquished.

Vanquished Creatures (collateral kills)
  A river rat (D:11)
1 creature vanquished.

Vanquished Creatures (others)
  A killer bee (D:11)
  A river rat (Lair:2)
  4 bushes
  20 fungi
  15 plants
41 creatures vanquished.

Grand Total: 726 creatures vanquished

Notes
Turn   | Place    | Note
-------+----------+-------------------------------------------
     0 | D:1      | packetloss the High Elf Air Elementalist began the quest for the Orb.
     0 | D:1      | Reached XP level 1. HP: 11/11 MP: 4/4
    99 | D:1      | Reached skill level 2 in Conjurations
   421 | D:1      | HP: 2/11 [goblin/club (4)]
   423 | D:1      | Reached XP level 2. HP: 4/17 MP: 3/6
   603 | D:1      | Learned a level 2 spell: Repel Missiles
   607 | D:1      | Learned a level 2 spell: Swiftness
   977 | D:2      | You fall through a shaft!
   991 | D:3      | Reached skill level 3 in Conjurations
  1278 | D:2      | Reached XP level 3. HP: 11/21 MP: 4/7
  1448 | D:2      | Found a faded altar of an unknown god.
  1575 | D:2      | Found a blossoming altar of Fedhas.
  1622 | D:2      | Reached skill level 3 in Stealth
  1646 | D:2      | Found a shattered altar of Ashenzari.
  1718 | D:2      | Became a worshipper of Ashenzari the Shackled
  1982 | D:3      | Reached XP level 4. HP: 27/27 MP: 4/8
  2163 | D:3      | Reached skill level 3 in Spellcasting
  2312 | D:3      | Found a snail-covered altar of Cheibriados.
  2503 | D:3      | Found a glowing golden altar of the Shining One.
  2772 | D:3      | Reached skill level 4 in Air Magic
  2821 | D:3      | Learned a level 3 spell: Static Discharge
  2920 | D:4      | Noticed cybersaint2k's ghost (amateur HOMo)
  3076 | D:4      | Reached XP level 5. HP: 23/31 MP: 5/10
  3273 | D:4      | Reached skill level 4 in Conjurations
  3433 | D:4      | Reached skill level 5 in Air Magic
  3543 | D:4      | Reached XP level 6. HP: 31/36 MP: 5/11
  3688 | D:5      | Entered Level 5 of the Dungeon
  3900 | D:5      | Reached * piety under Ashenzari
  3915 | D:5      | Found Roqenugge's Jewellery Shop.
  3950 | D:5      | Reached skill level 5 in Conjurations
  4105 | D:5      | Reached skill level 6 in Air Magic
  4269 | D:5      | Found a hazy altar of Hepliaklqana.
  4320 | D:5      | Noticed an orc warrior
  4339 | D:5      | Reached XP level 7. HP: 14/41 MP: 9/13
  4559 | D:5      | Learned a level 5 spell: Lightning Bolt
  4604 | D:5      | Noticed Blork the orc
  4642 | D:5      | Killed Blork the orc
  4660 | D:5      | Noticed Grinder
  4922 | D:6      | Found a radiant altar of Vehumet.
  5035 | D:6      | Reached skill level 6 in Conjurations
  5151 | D:6      | Reached skill level 4 in Spellcasting
  5509 | D:7      | Reached ** piety under Ashenzari
  5518 | D:7      | Reached skill level 7 in Air Magic
  5596 | D:7      | Noticed KnobCreek's ghost (novice MiGl)
  5603 | D:7      | Found a staircase to the Ecumenical Temple.
  5646 | D:7      | Reached XP level 8. HP: 46/46 MP: 9/15
  5934 | D:5      | Reached skill level 7 in Conjurations
  6517 | D:6      | Noticed Sigmund
  6573 | D:7      | Reached skill level 5 in Spellcasting
  6836 | D:7      | Reached skill level 8 in Air Magic
  7085 | D:7      | HP: 11/46 [poisoned by a water moccasin]
  7090 | D:7      | HP: 7/46 [poisoned by a water moccasin]
  7095 | D:7      | HP: 7/69 [poisoned by a water moccasin]
  7102 | D:7      | HP: 5/69 [poisoned by a water moccasin]
  7109 | D:7      | HP: 5/69 [poisoned by a water moccasin]
  7117 | D:7      | HP: 4/69 [poisoned by a water moccasin]
  7615 | D:7      | Reached skill level 8 in Conjurations
  7628 | D:7      | Noticed Menkaure
  7939 | D:6      | Reached skill level 9 in Air Magic
  8029 | D:7      | Killed Menkaure
  8029 | D:7      | Reached XP level 9. HP: 51/51 MP: 11/18
  8177 | D:8      | Reached skill level 6 in Spellcasting
  8202 | D:8      | Reached skill level 1 in Fighting
  8231 | D:8      | Noticed Joseph
  8246 | D:8      | Found Bamiur's Magic Scroll Shop.
  8356 | D:7      | Reached skill level 2 in Fighting
  8572 | D:8      | Found a stormy altar of Qazlal.
  8596 | D:8      | Reached skill level 3 in Fighting
  8836 | D:7      | Reached skill level 4 in Fighting
  8926 | D:8      | Found an oddly glowing altar of Pakellas.
  9107 | D:8      | Reached skill level 5 in Fighting
  9263 | D:8      | Killed Joseph
  9263 | D:8      | Reached skill level 6 in Fighting
  9708 | D:8      | Reached skill level 1 in Long Blades
  9852 | D:8      | Found a bloodstained altar of Trog.
  9883 | D:8      | Reached skill level 2 in Long Blades
  9909 | D:8      | Reached skill level 3 in Long Blades
 10278 | D:6      | Killed Sigmund
 10444 | D:7      | Reached XP level 10. HP: 37/69 MP: 12/20
 10601 | D:7      | Reached skill level 3 in Dodging
 10740 | D:8      | Found a sacrificial altar of Ru.
 10794 | D:8      | HP: 17/69 [wyvern (7)]
 11141 | D:7      | Reached skill level 4 in Dodging
 11367 | D:8      | Reached skill level 4 in Long Blades
 11486 | D:9      | Reached skill level 5 in Long Blades
 11774 | D:9      | Reached skill level 6 in Long Blades
 12133 | D:9      | Reached skill level 7 in Long Blades
 12379 | D:9      | Reached skill level 8 in Long Blades
 12521 | D:9      | Found a burning altar of Makhleb.
 12523 | D:9      | Noticed a cacodemon
 12979 | D:10     | Entered Level 10 of the Dungeon
 13003 | D:9      | Reached skill level 1 in Evocations
 13003 | D:9      | Reached skill level 2 in Evocations
 13351 | D:10     | Reached skill level 3 in Evocations
 13356 | D:10     | Reached skill level 4 in Evocations
 13405 | D:10     | Reached *** piety under Ashenzari
 13443 | D:10     | Reached skill level 5 in Evocations
 13671 | D:10     | Reached XP level 11. HP: 69/74 MP: 11/21
 14092 | D:10     | Reached skill level 6 in Evocations
 14124 | D:10     | Found a staircase to the Orcish Mines.
 14316 | D:10     | Reached skill level 9 in Conjurations
 14382 | D:10     | Upgraded the game from 0.19-a0-1155-gb6eeeff to 0.19-a0-1167-g79b6552
 14564 | D:11     | Found an oddly glowing altar of Pakellas.
 14608 | D:11     | Noticed Pabst's ghost (novice MiMo)
 14704 | D:11     | Noticed a green ugly thing
 14770 | D:11     | Killed a green ugly thing
 14770 | D:11     | Reached skill level 10 in Air Magic
 14878 | D:11     | Noticed a hill giant
 14970 | D:11     | Found a staircase to the Lair.
 15005 | D:11     | Paralysed by a wasp for 2 turns
 15297 | D:11     | Killed a hill giant
 15581 | D:11     | Reached skill level 7 in Spellcasting
 15762 | D:11     | Reached skill level 10 in Conjurations
 16351 | D:11     | Reached skill level 11 in Air Magic
 17317 | D:11     | Noticed a hill giant
 17455 | D:11     | Killed a hill giant
 17455 | D:11     | Reached skill level 5 in Dodging
 17735 | D:11     | Identified the Reference Book on the Snowflakes
 17893 | D:11     | Reached skill level 6 in Dodging
 18017 | D:12     | HP: 10/74 [troll (15)]
 18344 | Orc:1    | Entered Level 1 of the Orcish Mines
 18582 | Orc:1    | Reached XP level 12. HP: 80/80 MP: 20/24
 18843 | Orc:2    | Entered Level 2 of the Orcish Mines
 18844 | Orc:2    | Reached skill level 7 in Dodging
 19889 | Orc:2    | Reached skill level 8 in Dodging
 20945 | Orc:2    | Reached skill level 9 in Dodging
 21469 | Orc:2    | Found a roughly hewn altar of Beogh.
 21517 | Orc:2    | Reached skill level 10 in Dodging
 22187 | Orc:2    | Found Betann's Armour Emporium.
 22198 | Orc:2    | Found Afulatea's Weapon Shoppe.
 22888 | Orc:2    | Reached skill level 7 in Fighting
 23134 | Orc:2    | Noticed an orc warlord
 23346 | Orc:2    | Reached skill level 8 in Fighting
 23651 | Lair:1   | Entered Level 1 of the Lair of Beasts
 23868 | Lair:1   | Noticed Grum
 24257 | Lair:1   | Reached **** piety under Ashenzari
 24593 | Lair:1   | Reached skill level 9 in Fighting
 24780 | Lair:1   | Killed Grum
 25214 | Lair:2   | Noticed an eight-headed hydra
 25576 | Lair:2   | Found a frozen archway.
 25582 | Lair:2   | HP: 10/87 [komodo dragon (19)]
 25621 | IceCv    | Entered an ice cave
 25946 | Lair:2   | Noticed an eight-headed hydra
 26064 | Lair:2   | Reached XP level 13. HP: 92/92 MP: 21/25
 26097 | Lair:2   | Reached skill level 10 in Fighting
 26716 | Lair:2   | HP: 22/92 [eight-headed hydra (12)]
 27988 | Lair:3   | Found a blossoming altar of Fedhas.
 27992 | Lair:3   | Reached skill level 11 in Conjurations
 28233 | Lair:3   | Reached skill level 8 in Spellcasting
 28542 | Lair:2   | Reached skill level 12 in Air Magic
 29627 | Lair:3   | Noticed static's ghost (journeyman TeWz)
 30559 | Lair:3   | Reached skill level 12 in Conjurations
 30592 | Lair:3   | HP: 9/92 [mana viper[static's ghost] (18)]
 31084 | Lair:4   | Reached ***** piety under Ashenzari
 31214 | Lair:1   | Reached skill level 13 in Air Magic
 31459 | D:12     | Found Kutig's Antique Weapon Boutique.
 31519 | D:12     | Found Ighabocw's Weapon Boutique.
 31669 | D:12     | Found Buypt's Armour Emporium.
 31958 | D:12     | Reached skill level 9 in Spellcasting
 32035 | D:12     | Found Uryzxoh's Distillery.
 32127 | D:12     | Found Geuxit's Distillery.
 32758 | D:12     | Bought the +1 cloak of Starlight {rElec rC+ EV+4 Stlth--} for 578 gold pieces
 32758 | D:12     | Bought a +2 pair of boots of running for 539 gold pieces
 32927 | D:12     | Found Usifrahu's Pet Rocks.
 33050 | D:13     | Reached skill level 4 in Stealth
 33587 | D:13     | Reached skill level 5 in Stealth
 33587 | D:13     | HP: 22/92 [fire crab/blast of flame (5)]
 33588 | D:13     | Engulfed by a cloud of flame

Vault maps used:
D:1:      dpeg_arrival_tiny_a, grunt_decor_clamped,
          minmay_misc_feat_secret_circle
D:2:      ashenzari_conservatory_becter, fedhas_altar_fruit_tree,
          ecumenical_altar_2
D:3:      nicolae_tso_swordbearing_angel, cheibriados_altar_1
D:4:      dk_vineyard_2
D:5:      old_standard_altar, serial_shops, nicolae_shop_crystal, first_bread,
          wad_floor_pattern_2, guppyfry_early_orc_mine, uniq_grinder,
          uniq_blork_the_orc
D:6:      vehumet_altar_wand_db, uniq_sigmund
D:7:      grunt_livestock, uniq_menkaure
D:8:      lemuel_doored_altar, kennysheep_mini_moat, lemuel_round_altar,
          lemuel_crystal_altar, serial_glass, glass_columns_a, glass_columns_a,
          serial_shops, nicolae_shop_waterfront, uniq_joseph
D:9:      makhleb_altar_promises_db
D:10:     zombieorc1_lemuel
D:11:     minmay_lair_entry_grove, library_closet, johnstein_pakellas_dig
D:12:     serial_shops, nicolae_shop_stone, shop_statue, shop, shop,
          nicolae_shop_temple_entry_statues_fountains, guppyfry_shop_earth
D:13:     minmay_gate_of_8
Lair:1:   grunt_forest_small_clearing_treed, serial_bayou_shore_b, uniq_grum
Lair:2:   portal_ice_cave_demonic_guard
Lair:3:   nicolae_swamp_entry_splash_gauntlet, basic_altar,
          hangedman_lair_generics_rect
Lair:4:   dummy_spider_entry, wad_woods_antlair, lemuel_fruit_tree
Orc:2:    pubby_orc_utopia, serial_shops
IceCv:    ice_cave_caverns_02

Skill      XL: |  1  2  3  4  5  6  7  8  9 10 11 12 13 |
---------------+----------------------------------------+-----
Conjurations   | 2 3 4 5 6 8 10 12 | 12.5
Stealth        | 3 5 |  5.5
Spellcasting   | 3 4 5 6 7 9 |  9.0
Air Magic      | 4 5 6 7 9 11 13 | 13.3
Fighting       | 6 9 10 | 10.2
Long Blades    | 3 8 |  8.3
Dodging        | 4 6 10 | 10.5
Evocations     | 5 6 |  6.0

Action                   |  1- 3 |  4- 6 |  7- 9 | 10-12 | 13-15 || total
-------------------------+-------+-------+-------+-------+-------++-------
Melee: Whip              |    35 |    25 |    24 |       |       ||    84
       War axe           |       |       |    10 |       |       ||    10
       Long sword        |       |       |    31 |   236 |   215 ||   482
 Cast: Shock             |    43 |    91 |   280 |   941 |   389 ||  1744
       Repel Missiles    |     1 |       |     3 |     4 |     1 ||     9
       Swiftness         |       |       |     2 |     5 |     2 ||     9
       Static Discharge  |       |       |     5 |    41 |    64 ||   110
       Lightning Bolt    |       |       |     8 |    75 |    43 ||   126
Invok: Curse Item        |       |       |     2 |       |     1 ||     3
Evoke: Wand              |       |       |       |    14 |       ||    14
  Use: Scroll            |       |       |    11 |    13 |     5 ||    29
       Potion            |       |       |     1 |     3 |     1 ||     5
 Stab: Sleeping          |     1 |     1 |     3 |       |       ||     5
       Distracted        |       |       |       |     1 |       ||     1
  Eat: Chunk             |     3 |     8 |    17 |    46 |    21 ||    95
       Royal jelly       |       |       |     2 |     3 |     1 ||     6
       Fruit             |       |       |     1 |       |       ||     1
       Pizza             |       |       |       |     2 |       ||     2
       Meat ration       |       |       |       |     3 |     2 ||     5
Armor: Robe              |    15 |     5 |    30 |    23 |       ||    73
       Ring mail         |       |       |       |    90 |    60 ||   150
Dodge: Dodged            |    42 |    28 |   106 |   395 |   283 ||   854
       Deflected         |       |     1 |     6 |    19 |     9 ||    35

Vault maps used:
D:1:      dpeg_arrival_tiny_a, grunt_decor_clamped,
          minmay_misc_feat_secret_circle
D:2:      ashenzari_conservatory_becter, fedhas_altar_fruit_tree,
          ecumenical_altar_2
D:3:      nicolae_tso_swordbearing_angel, cheibriados_altar_1
D:4:      dk_vineyard_2
D:5:      old_standard_altar, serial_shops, nicolae_shop_crystal, first_bread,
          wad_floor_pattern_2, guppyfry_early_orc_mine, uniq_grinder,
          uniq_blork_the_orc
D:6:      vehumet_altar_wand_db, uniq_sigmund
D:7:      grunt_livestock, uniq_menkaure
D:8:      lemuel_doored_altar, kennysheep_mini_moat, lemuel_round_altar,
          lemuel_crystal_altar, serial_glass, glass_columns_a, glass_columns_a,
          serial_shops, nicolae_shop_waterfront, uniq_joseph
D:9:      makhleb_altar_promises_db
D:10:     zombieorc1_lemuel
D:11:     minmay_lair_entry_grove, library_closet, johnstein_pakellas_dig
D:12:     serial_shops, nicolae_shop_stone, shop_statue, shop, shop,
          nicolae_shop_temple_entry_statues_fountains, guppyfry_shop_earth
D:13:     minmay_gate_of_8
Lair:1:   grunt_forest_small_clearing_treed, serial_bayou_shore_b, uniq_grum
Lair:2:   portal_ice_cave_demonic_guard
Lair:3:   nicolae_swamp_entry_splash_gauntlet, basic_altar,
          hangedman_lair_generics_rect
Lair:4:   dummy_spider_entry, wad_woods_antlair, lemuel_fruit_tree
Orc:2:    pubby_orc_utopia, serial_shops
IceCv:    ice_cave_caverns_02

Table legend:
 A = Turns spent in this place as a percentage of turns spent in the entire game.
 B = Non-inter-level travel turns spent in this place as a percentage of non-inter-level travel turns spent in the entire game.
 C = Inter-level travel turns spent in this place as a percentage of turns spent in this place.
 D = Turns resting spent in this place as a percentage of non-inter-level travel turns spent in this place.
 E = Turns spent auto-exploring this place as a percentage of non-inter-level travel turns spent in this place.
 F = Non-inter-level travel turns spent in this place divided by the number of levels of this place that you've seen.
                   A       B       C       D       E      F
               +-------+-------+-------+-------+-------+----------------------
         Total | 100.0 | 100.0 |   0.4 |   3.7 |   0.7 | 843.4
       Dungeon |  61.0 |  60.9 |   0.5 |   3.4 |   0.9 | 790.5
          Lair |  21.6 |  21.6 |   0.2 |   4.4 |   0.5 | 911.5
  Orcish Mines |  17.4 |  17.4 |   0.2 |   3.9 |   0.1 | 1471.0
      Ice Cave |   0.0 |   0.0 |   0.0 |   0.0 |   0.0 |   3.0
               +-------+-------+-------+-------+-------+----------------------

Table legend:
 A = Kills in this place as a percentage of kills in entire the game.
 B = Kills by you in this place as a percentage of kills by you in the entire game.
 C = Kills by friends in this place as a percentage of kills by friends in the entire game.
 D = Other kills in this place as a percentage of other kills in the entire game.
 E = Experience gained in this place as a percentage of experience gained in the entire game.
 F = Experience gained in this place divided by the number of levels of this place that you have seen.
                   A       B       C       D       E      F
               +-------+-------+-------+-------+-------+----------------------
         Total | 100.0 | 100.0 | 100.0 | 100.0 | 100.0 | 3217.2
       Dungeon |  61.0 |  61.0 | 100.0 |  50.0 |  45.7 | 2261.6
          Lair |  20.4 |  20.4 |   0.0 |  50.0 |  37.1 | 5964.2
  Orcish Mines |  18.5 |  18.6 |   0.0 |   0.0 |  17.2 | 5543.5
               +-------+-------+-------+-------+-------+----------------------
